 Dungeon Crawl Stone Soup version 0.23-a0-296-ga3b1b28 (webtiles) character file.

26 namelastname112 the Gusty (level 2, -1/22 HPs)
             Began as a Draconian Air Elementalist on Oct 5, 2018.
             Slain by a gnoll
             ... wielding a +0 spear
              (3 damage)
             ... on level 1 of the Dungeon.
             The game lasted 00:01:33 (509 turns).

namelastname112 the Gusty (DrAE)                     Turns: 509, Time: 00:01:34

Health: -1/22      AC:  4    Str: 10    XL:     2   Next: 89%
Magic:  0/5        EV: 12    Int: 15    God:
Gold:   30         SH:  0    Dex: 11    Spells: 4/5 levels left

rFire    . . .     SeeInvis .   e - +1 hand axe (flame)
rCold    . . .     Gourm    .   (no shield)
rNeg     . . .     Faith    .   (armour unavailable)
rPois    .         Spirit   .   (helmet restricted)
rElec    .         Reflect  .   (no cloak)
rCorr    .         Harm     .   (no gloves)
MR       .....                  (no boots)
Stlth    ++........             (no amulet)
HPRegen  0.07/turn              (no ring)
MPRegen  0.09/turn              (no ring)

@: very slightly contaminated
A: unfitting armour, cold-blooded, AC +4
a: no special abilities


You were on level 1 of the Dungeon.
You were not hungry.

You visited 1 branch of the dungeon, and saw 1 of its levels.

You collected 30 gold pieces.

Inventory:

Hand Weapons
 e - a +1 hand axe of flaming (weapon)
Scrolls
 a - a scroll of identify {unknown}
 c - a scroll of fear {unknown}
 d - 2 scrolls of immolation {unknown}
Comestibles
 b - 2 rations
 f - a chunk of flesh


   Skills:
 + Level 0.8 Fighting
 + Level 1.9 Dodging
 - Level 1.7 Stealth
 * Level 2.3 Spellcasting
 * Level 1.7 Conjurations
 * Level 3.2 Air Magic


You had 4 spell levels left.
You knew the following spells:

 Your Spells              Type           Power        Failure   Level  Hunger
z - Shock                 Conj/Air       #...         8%          1    #......

Your spell library contained the following spells:

 Spells                   Type           Power        Failure   Level  Hunger
 Swiftness                Chrm/Air       #.......     17%         2    ###....
 Static Discharge         Conj/Air       #.......     22%         3    ###....
 Airstrike                Air            ##........   50%         4    #####..
 Lightning Bolt           Conj/Air       #.........   91%         5    ######.


Dungeon Overview and Level Annotations

Branches:
Dungeon (1/15)

Altars:


Innate Abilities, Weirdness & Mutations

Your plain brown scales are hard. (AC +4)
You cannot fit into any form of body armour.
You are cold-blooded and may be slowed by cold attacks.


Message History

Casting: Shock (safe; 8% risk of failure)
Confirm with . or Enter, or press ? or * to list all spells.
Aiming: Shock (safe; 8% risk of failure)
Press: ? - help, Shift-Dir - straight line The zap hits the gnoll.
The gnoll is moderately wounded.
The zap hits the gnoll.
The gnoll appears unharmed.
The gnoll is moderately wounded.
The gnoll hits you from afar with a spear!
* * * LOW HITPOINT WARNING * * *
You take 9 damage, and have 2/22 hp.
MASSIVE DAMAGE!!
You now have 1/5 mp.
Casting: Shock (safe; 8% risk of failure)
Confirm with . or Enter, or press ? or * to list all spells.
Aiming: Shock (safe; 8% risk of failure)
Press: ? - help, Shift-Dir - straight line You miscast Shock.
You are very lightly contaminated with residual magic.
Nothing appears to happen.
The gnoll hits you from afar with a spear.
You die...

.>#................# #...#.......
..#................####..........
#.#................#.......#....#
#.#........#########.##...)#..#.#
.............### #.. #..........
.)#............# #.# ##..........
.............### #.#.##....##....
..#..........#####.#.##..........
).##.....#.†.##.@....##..........
..##....#....##.##g#.##.....#....
..###...#.......#....##........##
..# #...#....##.g....########.†.#
### .......###....#..##########.#
...#.##...§..............#†#
....!#..§≈§≈...##...≈≈≈≈...#
.#####.≈§§≈≈≈(.....≈≈≈≈≈≈..#
##.≈≈<>§≈§.....≈≈≈≈≈≈...


You could see a gnoll.

Vanquished Creatures
  2 leopard geckos (D:1)
  3 goblins (D:1)
  6 hobgoblins (D:1)
  8 frilled lizards (D:1)
  3 kobolds (D:1)
  2 rats (D:1)
24 creatures vanquished.

Notes
Turn   | Place    | Note
-------+----------+-------------------------------------------
     0 | D:1      | namelastname112 the Draconian Air Elementalist began the
                  | quest for the Orb.
     0 | D:1      | Reached XP level 1. HP: 14/14 MP: 3/3
   169 | D:1      | Reached XP level 2. HP: 20/20 MP: 0/5
   509 | D:1      | Slain by a gnoll

Vault maps used:
D:1:      dpeg_arrival_pits

Action                   || total
-------------------------++-------
Melee: Unarmed           ||    17
       Tailslap          ||     2
       Hand axe          ||    17
 Cast: Shock             ||    31
Armor: Skin              ||     7
Dodge: Dodged            ||    17

Table legend:
 A = Non-vault XP
 B = Vault XP
 C = Vault XP percentage of total XP
 D = Non-vault monster count
 E = Vault monster count
 F = Vault count percentage of total count
                 A         B        C        D         E       F
            +---------+---------+-------+---------+---------+-------
      Total |      38 |       0 |   0.0 |      24 |       0 |   0.0
            +---------+---------+-------+---------+---------+-------
        D:1 |      38 |       0 |   0.0 |      24 |       0 |   0.0
            +---------+---------+-------+---------+---------+-------
